 Dungeon Crawl Stone Soup version 0.23.1-37-gaa34b87b72 (webtiles) character file.

Game seed: 10657046636284695604

468 PentaManta the Cutter (level 7, -6/44 HPs)
             Began as a Kobold Monk on Mar 25, 2019.
             Was a Believer of Okawaru.
             Mangled by an orc warrior
             ... wielding a +0 war axe
              (30 damage)
             ... on level 4 of the Dungeon.
             The game lasted 00:14:02 (5734 turns).

PentaManta the Cutter (Kobold Monk)                 Turns: 5734, Time: 00:14:03

Health: -6/44      AC:  3    Str:  8    XL:     7   Next: 30%
Magic:  7/7        EV: 19    Int: 11    God:    Okawaru [**....]
Gold:   164        SH:  0    Dex: 20    Spells: 6/6 levels left

rFire    . . .     SeeInvis .   k - +4 dagger
rCold    + + .     Gourm    .   (shield restricted)
rNeg     . . .     Faith    .   m - +0 robe of the Leaf {MR++ rCorr Stlth-} (curse)
rPois    .         Spirit   .   h - +1 helmet
rElec    .         Reflect  .   (no cloak)
rCorr    +         Harm     .   (no gloves)
MR       ++...                  (no boots)
Stlth    ++........             (no amulet)
HPRegen  0.14/turn              (no ring)
MPRegen  0.10/turn              (no ring)

@: no status effects
A: small, carnivore, cold resistance 2, deformed body, sturdy frame 1
a: Heroism, Renounce Religion


You were on level 4 of the Dungeon.
You worshipped Okawaru.
Okawaru was pleased with you.
You were hungry.

You visited 2 branches of the dungeon, and saw 5 of its levels.

You collected 164 gold pieces.

Inventory:

Hand Weapons
 a - a +0 short sword
 k - a +4 dagger (weapon)
Missiles
 e - 169 stones (quivered)
Armour
 h - a +1 helmet (worn)
 m - the cursed +0 robe of the Leaf (worn) {MR++ rCorr Stlth-}
   (You found it on level 4 of the Dungeon)

   It affects your resistance to hostile enchantments.
   It provides partial protection from all sources of acid and corrosion.
   It makes you less stealthy.
   It has a curse placed upon it.
Wands
 i - a wand of digging (10)
Scrolls
 d - a scroll of remove curse
 g - 2 scrolls of enchant armour
 j - a scroll of amnesia
 o - a scroll of magic mapping
Potions
 f - a potion of flight
Comestibles
 c - 9 rations


   Skills:
 + Level 5.5 Fighting
 + Level 6.7 Short Blades
 + Level 6.1 Dodging
 - Level 2.6 Stealth


You had 6 spell levels left.
You didn't know any spells.
Your spell library was empty.

Dungeon Overview and Level Annotations

Branches:
Dungeon (4/15)             Temple (1/1) D:4

Altars:
Ashenzari
Cheibriados
Dithmenos
Elyvilon
Gozag
Hepliaklqana
Kikubaaqudgha
Makhleb
Okawaru
Qazlal
Ru
Sif Muna
Trog
Uskayaw
Vehumet
Wu Jian
Xom
Yredelemnul
Zin
The Shining One

Annotations:
D:3 2 transporters, exclusion: 2 downstairs, Lucifer's ghost, amateur DsSu


Innate Abilities, Weirdness & Mutations

You are small and have problems with some larger weapons.
You are carnivorous and can eat meat at any time.
Your flesh is very cold resistant. (rC++)
Armour fits poorly on your strangely shaped body.
Your movements are slightly less encumbered by armour. (ER -2)


Message History

The orc warrior throws a stone.
The stone closely misses you.
Throwing (i - inventory)
e - 170 stones (quivered)
Press: ? - help, Shift-Dir - straight line, f - orc warrior
Aim: an orc warrior, wielding a +0 war axe and wearing a +0 plate armour You throw a stone.
The stone hits the orc warrior but does no damage.
The orc warrior drinks a potion.
The orc warrior goes berserk!
Throwing (i - inventory)
e - 169 stones (quivered)
Press: ? - help, Shift-Dir - straight line, f/p - orc warrior
Aim: an orc warrior, wielding a +0 war axe and wearing a +0 plate armour (berserk, fast, unusually strong)
Okay, then.
The orc warrior rages.
The orc warrior closely misses you.
The orc warrior hits you with a +0 war axe!!
Okay, then.
As you read the scroll labeled QADOAM OQUM TAUK, it crumbles to dust.
The scroll dissolves into smoke.
It was a scroll of fog.
The orc warrior hits you with a +0 war axe!!
Ouch! That really hurt!
You die...

########## ##........#
...!......+ .........####
####...........
#.........(..###
#....§§........#
#..§§§####(## #
#.§§@o§..(.##
#.####.§#§§...#...(#
##'#.... #§§...##..##
#......##..#.#..##..#
#.....##..##[##..##.##
#.[......##...##.....#
.#...........>........#
#.......[.##...##.....#####
#......##..##.##..##......##


You could see an orc warrior (berserk).

Vanquished Creatures
  3 scorpions (D:4)
  A hound (D:4)
  Natasha (thrice) (D:2)
  3 worker ants
  4 adders
  An ooze (D:3)
  4 dart slugs
  5 leopard geckos
  14 orcs
  2 ball pythons
  2 giant cockroaches (D:1)
  4 hobgoblins
  10 jackals
  5 kobolds
  7 bats
  4 frilled lizards
  10 goblins
  A quokka skeleton (D:4)
  6 rats
89 creatures vanquished.

Notes
Turn   | Place    | Note
-------+----------+-------------------------------------------
     0 | D:1      | PentaManta the Kobold Monk began the quest for the Orb.
     0 | D:1      | Reached XP level 1. HP: 14/14 MP: 1/1
   302 | D:1      | Reached XP level 2. HP: 9/19 MP: 2/2
   606 | D:1      | Reached XP level 3. HP: 10/24 MP: 3/3
  1219 | D:2      | Reached XP level 4. HP: 20/29 MP: 4/4
  1573 | D:2      | Noticed Natasha
  1619 | D:2      | Killed Natasha
  1619 | D:2      | Reached skill level 5 in Short Blades
  1806 | D:2      | Reached XP level 5. HP: 28/33 MP: 5/5
  1966 | D:2      | Noticed Natasha
  2373 | D:2      | Killed Natasha
  2696 | D:2      | Noticed Natasha
  2729 | D:2      | Killed Natasha
  2729 | D:2      | Reached skill level 5 in Dodging
  2971 | D:3      | Found a transporter.
  2977 | D:3      | Noticed Lucifer's ghost (amateur DsSu)
  2994 | D:3      | Found a transporter.
  3314 | D:3      | Reached XP level 6. HP: 14/40 MP: 6/6
  3340 | D:3      | HP: 2/40 [poisoned by a worker ant]
  3345 | D:3      | HP: 1/40 [poisoned by a worker ant]
  4216 | D:4      | Noticed an orc warrior
  4315 | D:4      | Gained mutation: Your flesh is cold resistant. (rC+)
                  | [potion of mutation]
  4315 | D:4      | Gained mutation: Armour fits poorly on your strangely
                  | shaped body. [potion of mutation]
  4315 | D:4      | Gained mutation: Your movements are slightly less
                  | encumbered by armour. (ER -2) [potion of mutation]
  4315 | D:4      | Gained mutation: Your flesh is very cold resistant. (rC++)
                  | [potion of mutation]
  4318 | D:4      | HP: 2/60 [worker ant (4)]
  4323 | D:4      | Reached skill level 5 in Fighting
  4326 | D:4      | HP: 2/60 [poisoned by a worker ant]
  4331 | D:4      | HP: 2/60 [poisoned by a worker ant]
  4698 | D:4      | Found a snail-covered altar of Cheibriados.
  4709 | D:4      | Found a white marble altar of Elyvilon.
  4733 | D:4      | Reached XP level 7. HP: 22/44 MP: 7/7
  4891 | D:4      | Found a stormy altar of Qazlal.
  4892 | D:4      | Found a shattered altar of Ashenzari.
  5221 | D:4      | Found a staircase to the Ecumenical Temple.
  5238 | Temple   | Entered the Ecumenical Temple
  5244 | Temple   | Became a worshipper of Warmaster Okawaru
  5244 | Temple   | Reached * piety under Okawaru
  5244 | Temple   | Reached ** piety under Okawaru
  5608 | D:4      | Got an opalescent robe
  5619 | D:4      | Identified the cursed +0 robe of the Leaf {MR++ rCorr
                  | Stlth-} (You found it on level 4 of the Dungeon)
  5734 | D:4      | Mangled by an orc warrior

Skill      XL: |  1  2  3  4  5  6  7 |
---------------+----------------------+-----
Dodging        | 4 5 6 |  6.1
Fighting       | 4 5 |  5.5
Short Blades   | 5 6 |  6.7
Stealth        | |  2.6

Action                   |  1- 3 |  4- 6 |  7- 9 || total
-------------------------+-------+-------+-------++-------
Melee: Short sword       |   115 |   260 |       ||   375
       Dagger            |       |       |    36 ||    36
Throw: Stone             |       |       |     1 ||     1
  Use: Scroll            |       |     4 |     1 ||     5
       Potion            |       |     6 |       ||     6
 Stab: Sleeping          |     3 |    12 |       ||    15
       Invisible         |       |     4 |       ||     4
  Eat: Chunk             |     1 |     8 |     4 ||    13
       Ration            |       |     1 |       ||     1
Armor: Robe              |     9 |    16 |       ||    25
       Skin              |       |     7 |       ||     7
Dodge: Dodged            |    81 |   173 |    21 ||   275
